 Seeded DCSS version 0.31.0-11-ge490571c62 (webtiles) character file.

Game seed: 5852599659512852149 (custom seed)

150 CInkIbrahim the Slasher (level 5, -1/38 HPs)
             Began as a Demonspawn Gladiator on Feb 11, 2024.
             Killed by nerve-wracking pain
             ... invoked by Grinder
              (2 damage)
             ... on level 3 of the Dungeon.
             The game lasted 00:02:39 (1222 turns).

CInkIbrahim the Slasher (Demonspawn Gladiator)      Turns: 1222, Time: 00:02:40

Health: -1/38      AC:  7    Str: 14    XL:     5   Next: 10%
Magic:  5/5        EV: 12    Int:  8    God:
Gold:   95         SH:  0    Dex: 17    Spells: 4/4 levels left

rFire   . . .        a - +0 long sword
rCold   . . .        (no shield)
rNeg    . . .        b - +0 leather armour
rPois   .            (helmet restricted)
rElec   .            q - +0 cloak
rCorr   .            (no gloves)
SInv    .            (no boots)
Will    .....        (no amulet)
Stlth   +            (no ring)
HPRegen 0.26/turn    (no ring)
MPRegen 0.09/turn

%: no passive effects
@: mighty
A: antennae 1, molten scales 2
a: no special abilities


You were on level 3 of the Dungeon.
You visited 1 branch of the dungeon, and saw 3 of its levels.

You collected 95 gold pieces.

Inventory:

Hand Weapons
 a - a +0 long sword (weapon)
Missiles
 d - 2 throwing nets
 e - a javelin
 u - 4 poisoned darts (quivered)
Armour
 b - a +0 leather armour (worn)
 c - a +0 helmet
 q - a +0 cloak (worn)
 t - a +0 buckler
Jewellery
 o - a ring of magical power
Wands
 s - a wand of iceblast (9)
Scrolls
 h - 3 scrolls of teleportation
Potions
 f - a potion of invisibility
 j - 2 potions of mutation
 k - a potion of haste
 m - a potion of attraction
 n - 2 potions of curing
 r - 2 potions of degeneration


   Skills:
 - Level 2.0 Fighting
 + Level 5.3 Long Blades
 - Level 1.7 Throwing
 - Level 2.6 Dodging


You had 4 spell levels left.
You didn't know any spells.
Your spell library contained the following spells:

 Spells                   Type           Power      Damage    Failure   Level
 Call Imp                 Summ           0%         N/A       63%         2
 Sublimation of Blood     Necr           0%         N/A       63%         2
 Summon Hydra             Summ           0%         N/A       100%        7


Dungeon Overview and Level Annotations

Branches:
Dungeon (3/15)

Altars:

Annotations:
D:3 Grinder


Innate Abilities, Weirdness & Mutations

You have a pair of small antennae on your head.
You are mostly covered in molten scales. (AC +3)


Message History

Grinder hits you.
You writhe in agony.
You are too injured to fight recklessly!
You slash Grinder!
Grinder is almost dead.
The orc priest hits you with a +0 falchion.
Grinder closely misses you. The orc priest closely misses you.
Grinder blinks!
Grinder blinks!
The orc priest mumbles some strange prayers to Beogh against you.
You barely resist. You slash the orc priest!
The orc priest is almost dead.
The orc priest hits you but does no damage.
You slash the orc priest!
You kill the orc priest!
You have reached level 5!
Found 2 potions of invisibility.
Grinder gestures at you. You resist with significant effort.
You closely miss Grinder.
Grinder is severely wounded.
Grinder gestures at you.
You suddenly lose the ability to move!
Grinder gestures at you.
You barely resist. Grinder hits you!
* * * LOW HITPOINT WARNING * * *
Grinder blinks!
Grinder gestures at you. You resist with significant effort.
You can move again.
Grinder hits you.
* * * LOW HITPOINT WARNING * * *
You writhe in agony.
* * * LOW HITPOINT WARNING * * *
You closely miss Grinder.
Grinder is severely wounded.
Grinder gestures at you. Pain shoots through your body!
You die...
Grinder says, "Hey, I wasn't done torturing you yet!"

### ### . .. #.. ...#
#.#.... #.. #..# .
#.#.#..##.. #..#
#.#...#.##..##?.##...
.....#....##....!...
#.....##..@########
#.....#..5...#
#..#...).........
#.....#......####
#...>.##...###
#.....###### #.#.#<#
# #.#.# #...#


You could see Grinder.

Vanquished Creatures
  An orc priest (D:3)
  Natasha (thrice) (D:2)
  An adder (D:2)
  A dart slug (D:1)
  2 endoplasms
  A giant cockroach (D:1)
  5 goblins
  6 hobgoblins
  5 kobolds
  A quokka (D:1)
  3 ball pythons
  3 bats
  4 frilled lizards
  2 rats (D:2)
38 creatures vanquished.

Notes
Turn   | Place    | Note
-------+----------+-------------------------------------------
     0 | D:1      | CInkIbrahim the Demonspawn Gladiator began the quest for
                  | the Orb.
     0 | D:1      | Reached XP level 1. HP: 16/16 MP: 1/1
    71 | D:1      | Reached skill level 3 in Long Blades
   133 | D:1      | Gained mutation: You are partially covered in molten
                  | scales. (AC +2) [demonic ancestry]
   133 | D:1      | Reached XP level 2. HP: 19/22 MP: 2/2
   781 | D:2      | Noticed Natasha
   784 | D:2      | Killed Natasha
   785 | D:2      | Reached skill level 4 in Long Blades
   785 | D:2      | Gained mutation: You have a pair of small antennae on your
                  | head. [demonic ancestry]
   785 | D:2      | Reached XP level 3. HP: 27/27 MP: 3/3
   916 | D:2      | Noticed Natasha
   923 | D:2      | Killed Natasha
   924 | D:2      | Gained mutation: You are mostly covered in molten scales.
                  | (AC +3) [demonic ancestry]
   924 | D:2      | Reached XP level 4. HP: 33/33 MP: 4/4
   984 | D:2      | Noticed Natasha
   989 | D:2      | Killed Natasha
   990 | D:2      | Reached skill level 5 in Long Blades
  1196 | D:3      | Noticed Grinder
  1212 | D:3      | Reached XP level 5. HP: 15/38 MP: 5/5
  1215 | D:3      | Paralysed by Grinder for 5 turns
  1221 | D:3      | HP: 1/38 [Grinder (4)]
  1222 | D:3      | Killed from afar by Grinder

Illustrated notes

Levels and vault maps discovered:
D:1:      wander_arrival_estate, layout_basic, minmay_pentomino_u4
D:2:      layout_rooms, serial_bayou_pond_b, uniq_natasha
D:3:      minmay_thinvault, layout_loops_cross, serial_shops,
          nicolae_shop_behind_doors, shop, shop, nicolae_shop_scrapyard, shop,
          uniq_grinder

Skill      XL: |  1  2  3  4 |
---------------+-------------+-----
Long Blades    | 3 4 5 |  5.3
Fighting       | |  2.0
Throwing       | |  1.7
Dodging        | |  2.6

Action                     |  1- 3 |  4- 6 || total
---------------------------+-------+-------++-------
  Melee: Long sword        |    74 |    26 ||   100
         Punch             |     2 |       ||     2
  Throw: Dart              |       |     1 ||     1
         Throwing net      |       |     1 ||     1
  Evoke: Wand              |     3 |     1 ||     4
    Use: Scroll            |       |    10 ||    10
         Potion            |       |     1 ||     1
 Armour: Leather armour    |    51 |    23 ||    74
  Dodge: Dodged            |    65 |    14 ||    79
